 Dungeon Crawl Stone Soup version 0.28.0 (webtiles) character file.

Game seed: 11864871073969215964

2098 Hasart the Insei (level 9, -9/69 HPs)
             Began as an Octopode Transmuter on Feb 16, 2022.
             Was an Initiate of Gozag.
             Shot with a sling bullet by Joseph (11 damage)
             ... on level 7 of the Dungeon.
             The game lasted 00:14:00 (9606 turns).

Hasart the Insei (Octopode Transmuter)              Turns: 9606, Time: 00:14:01

Health: -9/69      AC:  7    Str:  9    XL:     9   Next: 28%
Magic:  7/15       EV: 11    Int: 19    God:    Gozag
Gold:   624        SH:  5    Dex: 13    Spells: 2/16 levels left

rFire   x . .      SeeInvis .     - Unarmed
rCold   + + +      Faith    .   (shield currently unavailable)
rNeg    . . .      Spirit   .   (helmet currently unavailable)
rPois   +          Reflect  +   s - amulet of reflection
rElec   .          Harm     .   e - ring of wizardry
rCorr   .          Rampage  .   o - ring of protection from cold
Will    .....                   v - ring of flight
Stlth   +.........              (no ring)
HPRegen 0.21/turn               (no ring)
MPRegen 0.14/turn               (no ring)
                                (no ring)
                                (no ring)

@: ice-form, flying
A: freezing attack, boosted hp, almost no armour, amphibious, 8 rings, large,
(camouflage 1), (gelatinous body 1), (nimble swimmer 1), (tentacles)
a: End Transformation, Renounce Religion, Potion Petition, Call Merchant, Bribe
Branch


You were on level 7 of the Dungeon.
You worshipped Gozag.
Gozag was pleased with you.
You were a creature of crystalline ice.
You visited 2 branches of the dungeon, and saw 8 of its levels.

You collected 695 gold pieces.
You paid 71 gold pieces to Gozag.

Inventory:

Missiles
 b - 6 javelins
 f - 2 throwing nets
Jewellery
 e - a ring of wizardry (left front paw)
 o - a ring of protection from cold (right front paw)
 s - an amulet of reflection (around neck)
 v - a ring of flight (on tentacle)
 w - a ring of fire
Scrolls
 a - 2 scrolls of immolation {unknown}
 h - 3 scrolls of identify {unknown}
 j - 3 scrolls of teleportation {unknown}
 l - a scroll of blinking {unknown}
 p - a scroll of acquirement {unknown}
 t - a scroll of brand weapon {unknown}
 u - a scroll of silence {unknown}
Potions
 c - a potion of cancellation {unknown}
 d - 2 potions of curing {unknown}
 g - a potion of flight {unknown}
 i - a potion of invisibility {unknown}
 k - 2 potions of brilliance {unknown}
 m - 2 potions of haste
 n - 2 potions of degeneration {unknown}
 q - 3 potions of heal wounds {unknown}
 r - a potion of berserk rage {unknown}


   Skills:
 + Level 4.0 Fighting
 + Level 4.5 Dodging
 * Level 6.6 Unarmed Combat
 + Level 4.1 Spellcasting
 + Level 4.5 Transmutations
 * Level 4.2 Ice Magic
 + Level 5.0 Poison Magic


You had 2 spell levels left.
You knew the following spells:

 Your Spells              Type           Power      Damage    Failure   Level
a - Beastly Appendage     Tmut           42%        N/A       1%          1
b - Wereblood             Tmut           21%        N/A       1%          2
c - Spider Form           Tmut/Pois      22%        N/A       2%          3
d - Ice Form              Ice/Tmut       20%        N/A       9%          4
z - Olgreb's Toxic Radia  Pois           22%        N/A       7%          4

Your spell library contained the following spells:

 Spells                   Type           Power      Damage    Failure   Level
 Sting                    Tmut/Pois      88%        1d7       1%          1
 Ensorcelled Hibernation  Hex/Ice        22%        N/A       3%          2
 Poisonous Vapours        Pois/Air       26%        N/A       3%          2
 Summon Small Mammal      Summ           12%        N/A       6%          1
 Call Canine Familiar     Summ           3%         N/A       16%         3
 Summon Guardian Golem    Hex/Summ       3%         N/A       16%         3
 Petrify                  Tmut/Erth      12%        N/A       21%         4
 Anguish                  Hex/Necr       1%         N/A       45%         4
 Metabolic Englaciation   Hex/Ice        5%         N/A       52%         5
 Statue Form              Tmut/Erth      8%         N/A       96%         6


Dungeon Overview and Level Annotations

Branches:
Dungeon (7/15)             Temple (1/1) D:5

Altars:
Cheibriados
Fedhas
Gozag
Hepliaklqana
Kikubaaqudgha
Nemelex Xobeh
Qazlal
Ru
Sif Muna
Wu Jian
Xom
Zin

Annotations:
D:2 Sigmund
D:6 1 runed translucent door, AmberJosephineLiu's ghost, novice PaAr
D:7 Joseph


Innate Abilities, Weirdness & Mutations

You are a creature of crystalline ice.
You have a powerful freezing melee attack.
Your maximum health is increased.
Your armour is entirely melded.
You are incapable of wielding weapons or throwing items.
You cannot wear most types of armour.
You are amphibious.
You can wear up to eight rings at the same time.
((Your skin changes colour to match your surroundings (Stealth+).))
((Your rubbery body absorbs attacks. (AC +1, EV +1)))
((You are camouflaged when in or above water. (Stealth+)))
((You have tentacles for arms and can constrict up to eight enemies at once.))


Message History

You kill the bullfrog!
Your Poison Magic skill increases to level 5!
No target in view!
No target in view!
Your transformation is almost over.
You warm up again.
You now have 607 gold pieces (gained 8).
You now have 613 gold pieces (gained 6).
You now have 619 gold pieces (gained 6).
You now have 624 gold pieces (gained 5).
Joseph, a Mercenary comes into view.
He is wielding a +0 quarterstaff and wearing a +4 ring mail of willpower.
Joseph is nearby!
Joseph is nearby!
Joseph is nearby!
Casting: Ice Form (dangerous; 9% risk of failure)
Confirm with . or Enter, or press ? or * to list all spells.
Okay, then.
Casting: Ice Form (dangerous; 9% risk of failure)
Confirm with . or Enter, or press ? or * to list all spells.
You turn into a creature of crystalline ice.
Joseph shouts!
Joseph drinks a potion.
Joseph seems to speed up.
Casting: Ice Form (dangerous; 9% risk of failure)
Confirm with . or Enter, or press ? or * to list all spells.
You begin to radiate toxic energy.
Joseph is poisoned.
Joseph looks even sicker.
Joseph unwields a +0 quarterstaff.
Joseph wields a +2 vorpal hunting sling.
Joseph shoots a sling bullet.
The sling bullet hits you!
Found a stone staircase leading down.
Your toxic aura wanes.
Joseph shoots a sling bullet.
The sling bullet hits you!
Joseph shoots a sling bullet.
The sling bullet hits you!
* * * LOW HITPOINT WARNING * * *
x2 Joseph shoots a sling bullet.
The sling bullet hits you!
* * * LOW HITPOINT WARNING * * *
x2
Okay, then.
Found an escape hatch in the ceiling.
Joseph shoots a sling bullet.
The sling bullet hits you!
You die...
Your body crumbles into a pile of gold.

#.......##. ..##.....
#######(.......... #..#.....
.........#..####.. ##.......
...........## #........
..........##### ...........
.........###.. ####...##.#
.........# #.# # .........
######..####.#####.##........#...
#....#.....#..Y.@..>...###.....
#............#......### ###...
#############......## #...
......## #... .<#....# #...
####....# #... #...## #... #...#


You could see Joseph (fast, very poisoned).

Vanquished Creatures
  Duvessa (D:6)
  A water moccasin (D:4)
  An ice beast (D:5)
  2 sky beasts
  An ogre (D:4)
  A phantom (D:6)
  4 kobold brigands
  2 bullfrogs (D:7)
  A water moccasin zombie (D:6)
  Dowan (D:6)
  A water moccasin skeleton (D:4)
  2 jellies
  A centaur zombie (D:6)
  3 hounds
  3 orc priests
  A gnoll shaman (D:7)
  3 iguanas
  4 centaur skeletons
  2 orc wizards (D:6)
  A hound skeleton (D:4)
  7 gnolls
  9 adders
  2 shadow imps
  2 white imps
  An ufetubus (D:4)
  A worm (D:5)
  6 dart slugs
  18 orcs
  8 bats
  5 endoplasms
  3 giant cockroaches
  11 goblins
  10 hobgoblins
  8 jackals
  4 quokkas
  10 ball pythons
  2 frilled lizards
  18 kobolds
  3 rats (D:1)
164 creatures vanquished.

Vanquished Creatures (others)
  An orc wizard (D:7)
1 creature vanquished.

Grand Total: 165 creatures vanquished

Notes
Turn   | Place    | Note
-------+----------+-------------------------------------------
     0 | D:1      | Hasart the Octopode Transmuter began the quest for the Orb.
     0 | D:1      | Reached XP level 1. HP: 13/13 MP: 3/3
   270 | D:1      | Reached XP level 2. HP: 18/18 MP: 5/5
   588 | D:1      | Found a faded altar of an unknown god.
   641 | D:1      | Learned a level 2 spell: Wereblood
   925 | D:1      | Reached XP level 3. HP: 23/23 MP: 6/6
  1078 | D:1      | Learned a level 3 spell: Spider Form
  1456 | D:2      | Found a glowing silver altar of Zin.
  1834 | D:2      | Reached XP level 4. HP: 15/28 MP: 7/7
  2240 | D:2      | Noticed Sigmund
  2777 | D:3      | HP: 1/29 [orc (5)]
  3074 | D:3      | Reached skill level 1 in Poison Magic
  3076 | D:3      | Reached skill level 4 in Unarmed Combat
  3076 | D:3      | Reached XP level 5. HP: 27/34 MP: 8/8
  4675 | D:4      | Reached XP level 6. HP: 39/39 MP: 8/10
  5405 | D:4      | Reached XP level 7. HP: 15/45 MP: 7/11
  5674 | D:4      | Learned a level 4 spell: Ice Form
  6142 | D:4      | Reached skill level 5 in Unarmed Combat
  6142 | D:4      | Reached skill level 1 in Ice Magic
  6656 | D:5      | Entered Level 5 of the Dungeon
  6916 | D:5      | Found a staircase to the Ecumenical Temple.
  6927 | Temple   | Entered the Ecumenical Temple
  6990 | Temple   | Became a worshipper of Gozag Ym Sagoz the Greedy
  7019 | Temple   | Reached XP level 8. HP: 50/52 MP: 13/13
  8138 | D:6      | Noticed Dowan
  8171 | D:6      | Noticed Duvessa
  8179 | D:6      | Killed Dowan
  8181 | D:6      | Killed Duvessa
  8499 | D:6      | Found a runed translucent door.
  8500 | D:6      | Found a shimmering altar of Xom.
  8500 | D:6      | Noticed AmberJosephineLiu's ghost (novice PaAr)
  8500 | D:6      | Noticed a +1 dagger of chaos
  8514 | D:6      | Reached skill level 6 in Unarmed Combat
  8741 | D:6      | Found a sparkling altar of Nemelex Xobeh.
  9135 | D:7      | Reached XP level 9. HP: 58/58 MP: 10/15
  9212 | D:7      | Learned a level 4 spell: Olgreb's Toxic Radiance
  9537 | D:7      | Reached skill level 5 in Poison Magic
  9599 | D:7      | Noticed Joseph
  9605 | D:7      | HP: 2/69 [Joseph/sling bullet (3)]
  9606 | D:7      | Shot with a sling bullet by Joseph

Illustrated notes

Levels and vault maps discovered:
D:1:      minmay_arrival_nine_rooms, layout_loops_ring,
          hellmonk_ecumenical_altar_heavens_door
D:2:      layout_basic, basic_altar, minmay_misc_feat_nine_boxes,
          ebering_dispersal_statue_hall, uniq_sigmund
D:3:      layout_loops_cross, minmay_liquid_box
D:4:      cheibrodos_thug_alley, layout_loops_corners, st_stairs_5
D:5:      layout_basic, minmay_temple_entry_slanted
D:6:      layout_basic, mainiacjoe_overflow_paths, ebering_ghost_xom,
          uniq_duvessa
D:7:      layout_rooms, gammafunk_ghost_nasty_kobolds, st_stairs_13, uniq_joseph
Temple:   mainiacjoe_temple_archimedes_tessellation

Skill      XL: |  1  2  3  4  5  6  7  8  9 |
---------------+----------------------------+-----
Poison Magic   | 1 2 3 4 5 |  5.0
Unarmed Combat | 4 5 6 |  6.6
Fighting       | 2 3 4 |  4.0
Dodging        | 3 4 |  4.5
Transmutations | 3 4 |  4.5
Spellcasting   | 3 4 |  4.1
Ice Magic      | 1 3 4 |  4.2

Action                   |  1- 3 |  4- 6 |  7- 9 || total
-------------------------+-------+-------+-------++-------
Melee: Unarmed           |    81 |   174 |   171 ||   426
       Constrict         |    14 |    33 |     6 ||    53
       Tentacles         |    13 |    21 |    14 ||    48
       Punch             |     1 |     6 |     1 ||     8
 Cast: Spider Form       |       |     8 |     3 ||    11
       Wereblood         |       |     2 |     3 ||     5
       Ice Form          |       |       |    16 ||    16
       Olgreb's Toxic Ra |       |       |     3 ||     3
 Stab: Sleeping          |     7 |     4 |       ||    11
Armor: Skin              |     6 |    12 |    36 ||    54
Dodge: Dodged            |    45 |   120 |    95 ||   260
Block: Other             |       |       |    19 ||    19
